AoeStats
← 只会打步弓

Arena

510110029Analyzed
4v4 RM · 2d ago on Sep 29, 2026· 30m 37s· 8 players
Game mode
Random Map
Map size
Large (8 player)
Population
200
Speed
Normal
Resources
Standard
Victory
Conquest
Starting age
Dark Age
Ending age
Imperial Age
RankedLock teamsTeams togetherTeam positionsShared explorationLock speedFull tech treeHidden civsTurbo modeCheats
Victory
Defeat
🇨🇳 Turks · China
1656
+15
🇨🇳 Huns · China
1631
+16
🇨🇳 Burmese · China
1617
+17
🇨🇳 Bohemians · China
1604
+17
🇹🇷 Spanish · Türkiye
1659
-17
🇵🇪 Cumans · Peru
1644
-17
🇩🇪 Varangians · Germany
1628
-16
🇹🇷 Khmer · Türkiye
1597
-15
LUCKY
11:02 Feudal Age
12:07 Double-Bit Axe
14:51 Castle Age
14:38 Bloodlines
15:58 Bow Saw
19:48 Wheelbarrow
20:03 Horse Collar
22:02 Heavy Plow
24:48 Hand Cart
24:34 Stone Mining
26:14 Loom
28:16 Gold Mining
30:45 Gold Shaft Mining
LY006
11:50 Feudal Age
15:51 Castle Age
20:27 Imperial Age
17:46 Double-Bit Axe
19:59 Bow Saw
19:40 Loom
20:48 Gold Mining
只会打步弓
9:38 Feudal Age
9:32 Loom
11:17 Double-Bit Axe
19:51 Horse Collar
25:41 Castle Age
27:05 Bow Saw
29:45 Heavy Plow
30:17 Fortified Wall
小胖子
11:48 Feudal Age
15:19 Castle Age
13:09 Horse Collar
13:20 Gold Mining
18:08 Loom
18:34 Padded Archer Armor
20:57 Fletching
28:25 Ballistics
noru
8:24 Feudal Age
8:16 Loom
13:42 Fletching
16:26 Double-Bit Axe
27:42 Castle Age
26:03 Horse Collar
27:54 Wheelbarrow
27:11 Stone Mining
27:52 Padded Archer Armor
28:44 Bow Saw
28:42 Heavy Plow
USTA
7:09 Loom
11:15 Feudal Age
14:56 Castle Age
13:05 Double-Bit Axe
13:44 Horse Collar
14:30 Stone Mining
30:49 Imperial Age
Sekov
10:41 Feudal Age
14:24 Castle Age
14:36 Horse Collar
14:42 Double-Bit Axe
15:33 Bow Saw
17:16 Gold Mining
🦌 Jolly Jumper
10:50 Feudal Age
11:35 Double-Bit Axe
11:41 Horse Collar
14:29 Castle Age
15:42 Bow Saw
15:34 Heavy Plow
17:46 Gold Mining
19:42 Wheelbarrow
21:25 Hand Cart
23:51 Loom
25:51 Bloodlines
25:41 Husbandry
25:56 Forging
25:52 Scale Barding Armor
28:34 Imperial Age
27:27 Iron Casting
27:56 Vendel Legacy
29:02 Chain Barding Armor
Connection lost

Rejoining the realm…

Still unreachable

The connection could not be restored.

Session expired

The server has moved on; the page needs a fresh start.